 Dungeon Crawl Stone Soup version 0.29-a0-973-gac7da5f7f0 (webtiles) character file.

Game seed: 17859921972049105580

4 xian the Covered (level 1, -2/20 HPs)
             Began as a Minotaur Fighter on Aug 1, 2022.
             Frozen to death by an endoplasm (5 damage)
             ... on level 1 of the Dungeon.
             The game lasted 00:00:12 (32 turns).

xian the Covered (Minotaur Fighter)                   Turns: 32, Time: 00:00:14

Health: -2/20      AC:  7    Str: 20    XL:     1   Next: 50%
Magic:  0/0        EV:  9    Int:  5    God:
Gold:   0          SH:  4    Dex:  9    Spells: 0/0 levels left

rFire   . . .      SeeInvis .   a - +0 flail
rCold   . . .      Faith    .   c - +0 buckler
rNeg    . . .      Spirit   .   b - +0 scale mail
rPois   .          Reflect  .   (helmet restricted)
rElec   .          Harm     .   (no cloak)
rCorr   .          Rampage  .   (no gloves)
Will    .....                   (no boots)
Stlth   ..........              (no amulet)
HPRegen 0.06/turn               (no ring)
MPRegen 0.07/turn               (no ring)

@: no status effects
A: horns 2, retaliatory headbutt
a: no special abilities


You were on level 1 of the Dungeon.
You visited 1 branch of the dungeon, and saw 1 of its levels.

Inventory:

Hand Weapons
 a - a +0 flail (weapon)
Armour
 b - a +0 scale mail (worn)
 c - a +0 buckler (worn)
Potions
 d - a potion of might


   Skills:
 + Level 3.7 Fighting
 + Level 2.4 Maces & Flails
 + Level 3.7 Armour
 + Level 3.7 Shields


You couldn't memorise any spells.
You didn't know any spells.
Your spell library was empty.

Dungeon Overview and Level Annotations

Branches:
Dungeon (1/15)

Altars:


Innate Abilities, Weirdness & Mutations

You have a pair of horns on your head.
You reflexively headbutt those who attack you in melee.


Message History

The ball python grabs you. The ball python constricts you.
The goblin hits you with a +0 dagger. The ball python barely misses you.
The ball python constricts you.
The endoplasm quivers.
You hit the goblin.
You kill the goblin!
The ball python bites you but does no damage.
The ball python constricts you.
The ball python bites you but does no damage.
The ball python bites you. You block the ball python's attack.
The ball python constricts you.
You escape the ball python's grasp.
A kobold comes into view. It is wielding a +0 club.
The kobold throws a stone.
The stone hits you but does no damage. The ball python misses you.
You furiously retaliate!
You headbutt the ball python!
You kill the ball python!
Things that are here:
a +0 dagger; a goblin corpse The ball python attacks as you move away!
The ball python closely misses you. x2
The endoplasm freezes you.
You are frozen.
The ball python closely misses you. You furiously retaliate!
You headbutt the ball python!
You kill the ball python!
The endoplasm freezes you.
You are frozen.
You see here a rat corpse.
The kobold throws a stone.
The stone completely misses you. The endoplasm freezes you.
You are frozen.
The kobold throws a stone.
The stone closely misses you.
You hit the endoplasm.
The endoplasm is lightly wounded.
The endoplasm freezes you.
You are frozen.
* * * LOW HITPOINT WARNING * * *
The endoplasm freezes you.
You are frozen.
You die...

#....# .. ##....#...
#.....#... ##.........
#.........
..#########........
..........#...K######
.........)†.†lrJ@.#.# ##
...........#...#.##.###..##
...........#...#..........#
...........#...#####'####.#
...............##.......#
.....$..........#.8.8.8.#
............###.#.......#
............. .+.8.<.8.+
#.......#


You could see an endoplasm, a kobold, a frilled lizard and a rat.

Vanquished Creatures
  2 ball pythons (D:1)
  A goblin (D:1)
  A rat (D:1)
4 creatures vanquished.

Notes
Turn   | Place    | Note
-------+----------+-------------------------------------------
     0 | D:1      | xian the Minotaur Fighter began the quest for the Orb.
     0 | D:1      | Reached XP level 1. HP: 19/19 MP: 0/0
    32 | D:1      | Frozen to death by an endoplasm

Illustrated notes

Levels and vault maps discovered:
D:1:      doesnt_arrival_eight_statues, layout_basic, serial_shops, shop,
          minmay_tripent

Action                   || total
-------------------------++-------
Melee: Flail             ||     4
Armor: Scale mail        ||     3
Dodge: Dodged            ||     7
Block: Buckler           ||     1

Table legend: (Time is in decaauts)
 A = Elapsed time spent in this place.
 B = Non-inter-level travel time spent in this place.
 C = Inter-level travel time spent in this place.
 D = Time resting spent in this place.
 E = Time spent auto-exploring this place.
 F = Levels seen in this place.
 G = Mean time per level.
                   A        B        C        D        E       F      G
               +--------+--------+--------+--------+--------+-----+--------+
         Total |     32 |     32 |      0 |      0 |     10 |   1 |   32.0 |
       Dungeon |     32 |     32 |      0 |      0 |     10 |   1 |   32.0 |
               +--------+--------+--------+--------+--------+-----+--------+

Top non-repeatable levels by time:
     D:1: 32 daAuts
